 Dungeon Crawl Stone Soup version 0.17-a0-1753-g75d4604 (webtiles) character file.

10405 Grim the Archer (level 11, -2/101 HPs)
             Began as a Minotaur Hunter on Sept 2, 2015.
             Was an Elder of Trog.
             Slain by an unseen horror (5 damage)
             ... on level 11 of the Dungeon.
             The game lasted 00:41:03 (13512 turns).

Grim the Archer (Minotaur Hunter)                  Turns: 13512, Time: 00:41:03

Health: -2/101     AC: 16    Str: 17    XL:     11   Next: 35%
Magic:  10/10      EV:  6    Int:  8    God:    Trog [****..]
Gold:   377        SH:  0    Dex: 14    Spells: 0 memorised, 10 levels left

rFire  . . .     SeeInvis .     a - +0 war axe (elec)
rCold  . . .     Clarity  +     R - +0 plate armour
rNeg   + . .     SustAt   .     (no shield)
rPois  +         Gourm    .     (helmet restricted)
rElec  .         Spirit   .     G - +0 cloak {rPois}
rCorr  .         Warding  .     p - +0 pair of gloves
rMut   .         Stasis   .     (no boots)
MR     ++++.                    H - amulet of the Four Winds {Clar rN+ MR+++}
Stlth  ..........               l - ring of protection from magic
                                T - ring of stealth

@: incredibly resistant to hostile enchantments, extremely unstealthy
A: retaliatory headbutt, horns 2
a: Burn Spellbooks, Berserk, Trog's Hand, Brothers in Arms, Renounce Religion


You were on level 11 of the Dungeon.
You worshipped Trog.
Trog was greatly pleased with you.
You were hungry.

You visited 1 branch of the dungeon, and saw 11 of its levels.

You collected 471 gold pieces.
You spent 94 gold pieces at shops.

Inventory:

Hand weapons
 a - a +0 war axe of electrocution (weapon)
 b - a +1 shortbow
 y - a +0 broad axe
Missiles
 d - 30 arrows of frost
 v - 14 arrows of flame
 z - 142 arrows
 N - 14 arrows of dispersal
Armour
 p - a +0 pair of gloves (worn)
 G - a +0 cloak of poison resistance (worn)
 R - a +0 plate armour (worn)
Jewellery
 k - a +5 ring of intelligence
 l - a ring of protection from magic (right hand)
 q - an uncursed ring of teleportation
 s - an uncursed ring of protection from fire
 t - an uncursed amulet of stasis
 H - the amulet of the Four Winds (around neck) {Clar rN+ MR+++}
   (You found it on level 7 of the Dungeon)

   [amulet of clarity]

   It provides mental clarity.
   It protects you from negative energy.
   It affects your resistance to hostile enchantments.
 L - an uncursed amulet of warding
 S - an uncursed amulet of resist corrosion
 T - a ring of stealth (left hand)
Magical devices
 C - a wand of paralysis (12)
 F - a wand of magic darts (16)
 J - a wand of frost (27)
 Q - a wand of random effects (25)
Scrolls
 j - a scroll of amnesia {unknown}
 m - a scroll of enchant weapon {unknown}
 o - 3 scrolls of magic mapping
 r - 4 scrolls of remove curse
 u - 2 scrolls of immolation
 w - a scroll of random uselessness {unknown}
 A - a scroll of teleportation
 B - 2 scrolls of blinking
 I - 2 scrolls of recharging
 P - a scroll of enchant armour {unknown}
Potions
 c - 2 potions of cure mutation {!q}
 f - 2 potions of lignification
 g - 5 potions of brilliance
 h - 6 potions of curing
 i - 2 potions of cancellation
 n - 3 potions of flight
 D - a potion of ambrosia
 O - a potion of haste
 V - a potion of heal wounds
Books
 K - a Young Poisoner's Handbook

   Spells                             Type                      Level
   a - Sting                          Conjuration/Poison           1
   b - Cure Poison                    Poison                       2
   c - Mephitic Cloud                 Conjuration/Poison/Air       3
   d - Olgreb's Toxic Radiance        Poison                       4
   e - Venom Bolt                     Conjuration/Poison           5
   Trog disapproves of the use of such an item.
Comestibles
 e - 5 bread rations
 x - 10 slices of pizza
 E - 3 beef jerkies
 M - 2 meat rations


   Skills:
 - Level 10.7 Fighting
 - Level 8.4 Axes
 * Level 13.7 Bows
 * Level 7.7 Armour
 - Level 2.1 Dodging
 - Level 0.7 Stealth


You had 10 spell levels left.
You didn't know any spells.

Dungeon Overview and Level Annotations

Branches:
Dungeon (11/15)            Temple (0/1) D:6
   Lair: D:8-11         Orc: D:9-12

Altars:
Elyvilon
Fedhas
Gozag
Kikubaaqudgha
Nemelex Xobeh
Qazlal
Ru
Sif Muna
Trog
Vehumet
Xom
Yredelemnul
Zin
The Shining One

Shops:
D:7 [::(*   D:8 (   D:9 :

Annotations:
D:6 Eustachio


Innate Abilities, Weirdness & Mutations

You reflexively headbutt those who attack you in melee.
You have a pair of horns on your head.


Message History

Something hits you but does no damage. Something hits you but does no damage.
Something hits you.
* * * LOW HITPOINT WARNING * * *
Something hits you.
* * * LOW HITPOINT WARNING * * *
Something hits you.
* * * LOW HITPOINT WARNING * * *
You see here a sky beast corpse.
Something hits you but does no damage. x2
Something hits you but does no damage. Something hits you.
* * * LOW HITPOINT WARNING * * *
Something hits you but does no damage. Something hits you.
* * * LOW HITPOINT WARNING * * *
Something hits you but does no damage. Something hits you but does no damage.
Something hits you but does no damage. Something hits you.
You die...

.. ............#
.#####...#.#....#
..#............#
#####.#.##..#.#..#.#
...##...###........) #
##.......###.###...)
####.#..# #.............#
........###.#.###.#######
#.......@...#.# #.###....
#.##.#.######.# #........
... #.# ####.####
......#####.### #.#
#..#............# #.# .#
############.# #.#
#.######### #..........
###########


There were no monsters in sight!

Vanquished Creatures
  2 hill giants
  An ugly thing (D:7)
  A cyclops (D:9)
  Maurice (D:8)
  Psyche (D:8)
  A gargoyle (D:10)
  A centaur skeleton (D:10)
  The ghost of Grim the Chopper, an average MiFi (D:4)
  Prince Ribbit (D:6)
  A two-headed ogre (D:10)
  14 yaks
  A human (D:7)
  2 hippogriffs
  A water moccasin (D:9)
  A black bear (D:9)
  A phantom (D:10)
  4 orc warriors
  2 sky beasts
  A necrophage (D:11)
  An ice beast (D:10)
  An eye of draining (D:8)
  7 ogres
  5 centaurs
  8 giant frogs
  4 big kobolds
  4 scorpions
  3 killer bees (D:10)
  6 crimson imps
  A quasit (D:10)
  A gnoll shaman (D:6)
  A hound (D:4)
  A jelly (D:7)
  A centaur zombie (D:5)
  2 giant frog skeletons (D:6)
  6 worker ants
  8 orc wizards
  An iguana (D:11)
  2 orc priests (D:10)
  3 sheep (D:7)
  2 hound skeletons
  A hound zombie (D:7)
  3 worker ant zombies
  Robin (D:3)
  10 gnolls
  12 adders
  A shadow imp (D:7)
  An ooze (D:5)
  3 adder skeletons
  An adder zombie (D:7)
  3 worms
  4 giant geckos
  42 orcs
  6 bats
  6 giant cockroaches
  11 goblins
  13 hobgoblins
  A quokka (D:3)
  2 giant gecko skeletons
  5 giant newts
  27 kobolds
  2 quokka skeletons (D:4)
  A quokka zombie (D:9)
  8 rats
270 creatures vanquished.

Vanquished Creatures (others)
  A deep elf mage (D:9)
1 creature vanquished.

Grand Total: 271 creatures vanquished

Notes
Turn   | Place    | Note
--------------------------------------------------------------
     0 | D:1      | Grim the Minotaur Hunter began the quest for the Orb.
     0 | D:1      | Reached XP level 1. HP: 18/18 MP: 0/0
    99 | D:1      | Reached XP level 2. HP: 25/25 MP: 1/1
   454 | D:1      | Reached skill level 5 in Bows
   576 | D:1      | Reached XP level 3. HP: 31/31 MP: 2/2
  1546 | D:2      | Reached XP level 4. HP: 38/40 MP: 3/3
  1853 | D:2      | Found a bloodstained altar of Trog.
  1853 | D:2      | Found a basalt altar of Yredelemnul.
  1857 | D:2      | Became a worshipper of Trog the Wrathful
  2322 | D:3      | Found a sacrificial altar of Ru.
  2339 | D:3      | Reached skill level 6 in Bows
  2344 | D:3      | Reached XP level 5. HP: 32/47 MP: 4/4
  2430 | D:3      | Noticed Robin
  2634 | D:3      | Killed Robin
  2658 | D:2      | Acquired Trog's first power
  3132 | D:3      | You fall through a shaft!
  3446 | D:4      | Reached skill level 1 in Axes
  3452 | D:4      | Reached XP level 6. HP: 19/53 MP: 5/5
  3959 | D:4      | Reached skill level 7 in Bows
  4111 | D:4      | Found a glowing silver altar of Zin.
  4111 | D:4      | Found a white marble altar of Elyvilon.
  4111 | D:4      | Found a glowing golden altar of the Shining One.
  4160 | D:4      | Found a sparkling altar of Nemelex Xobeh.
  4160 | D:4      | Found an opulent altar of Gozag.
  4230 | D:4      | Noticed Grim's ghost (average MiFi)
  4236 | D:4      | Killed Grim's ghost
  4236 | D:4      | Reached skill level 5 in Axes
  4236 | D:4      | Reached XP level 7. HP: 58/60 MP: 6/6
  4463 | D:5      | Entered Level 5 of the Dungeon
  4746 | D:5      | Found a blossoming altar of Fedhas.
  4754 | D:5      | Found a stormy altar of Qazlal.
  4755 | D:5      | Acquired Trog's second power
  4948 | D:5      | Paralysed by a gnoll for 4 turns
  5003 | D:5      | Found a shimmering altar of Xom.
  5487 | D:5      | Found an ancient bone altar of Kikubaaqudgha.
  5489 | D:5      | Found a deep blue altar of Sif Muna.
  5489 | D:5      | Found a radiant altar of Vehumet.
  5708 | D:5      | Reached skill level 8 in Bows
  6051 | D:6      | Found a basalt altar of Yredelemnul.
  6245 | D:6      | Noticed Eustachio
  6258 | D:6      | Reached XP level 8. HP: 37/67 MP: 7/7
  6731 | D:6      | Noticed Prince Ribbit
  6755 | D:6      | Killed Prince Ribbit
  7096 | D:6      | Found a staircase to the Ecumenical Temple.
  7268 | D:7      | Found Peecofy's Book Emporium.
  7305 | D:7      | Found Vees's Weapon Boutique.
  7321 | D:7      | Reached skill level 5 in Fighting
  7332 | D:7      | Reached skill level 9 in Bows
  7587 | D:7      | Found Ellupual's Antique Armour Shoppe.
  7659 | D:7      | Bought an embroidered cloak for 94 gold pieces
  7672 | D:7      | Found Renuczol's Book Shop.
  7829 | D:7      | Found Xeraalui's General Store.
  7935 | D:7      | Noticed a brown ugly thing
  7950 | D:7      | Killed a brown ugly thing
  7950 | D:7      | Reached skill level 10 in Bows
  7950 | D:7      | Reached XP level 9. HP: 79/79 MP: 8/8
  8606 | D:8      | Noticed Maurice
  8622 | D:8      | Killed Maurice
  8640 | D:8      | Noticed Psyche
  8650 | D:8      | Killed Psyche
  8650 | D:8      | Reached skill level 11 in Bows
  9362 | D:8      | Found Kicinuh's Weapon Boutique.
  9551 | D:9      | Reached XP level 10. HP: 59/92 MP: 9/9
  9803 | D:9      | Found Ylysum's Book Shop.
  9841 | D:9      | Reached skill level 10 in Fighting
  9962 | D:9      | Acquired Trog's third power
 10040 | D:9      | Noticed a cyclops
 10063 | D:9      | Killed a cyclops
 10063 | D:9      | Received a gift from Trog
 10148 | D:9      | Reached skill level 12 in Bows
 10955 | D:10     | Entered Level 10 of the Dungeon
 10984 | D:10     | Reached skill level 1 in Armour
 11816 | D:10     | Received a gift from Trog
 11853 | D:10     | Reached skill level 5 in Armour
 11969 | D:10     | Noticed a hill giant
 11977 | D:10     | Killed a hill giant
 11977 | D:10     | Reached skill level 13 in Bows
 11981 | D:10     | Reached XP level 11. HP: 50/101 MP: 10/10
 12355 | D:10     | Received a gift from Trog
 13075 | D:11     | Noticed a hill giant
 13083 | D:11     | Killed a hill giant
 13510 | D:11     | HP: 2/101 [something (5)]
 13512 | D:11     | Slain by an unseen horror

Vault maps used:
D:1:      nagdon_arrival_zigzag_paths
D:2:      kennysheep_big_flooded_room, gammafunk_temple_overflow_elements,
          kennysheep_generic_room_3
D:3:      nicolae_ru_great_annihilating_truth, uniq_natasha, uniq_robin
D:4:      grunt_temple_overflow_opulence, good_gods_mini_temple,
          nrook_loot_triangle, grunt_ministairs_6
D:5:      grunt_temple_overflow_forces_of_nature,
          grunt_temple_overflow_magic_moments, tgw_xom, first_bread
D:6:      minmay_temple_entry_overgrown, yredelemnul_altar_generic,
          uniq_eustachio, uniq_prince_ribbit1
D:7:      lemuel_slime, serial_shops, nicolae_shop_trees, nicolae_shop_stone,
          nicolae_shop_trees, nicolae_shop_trees, shop, grunt_livestock,
          minmay_stone_trees_small
D:8:      serial_shops, shop, uniq_maurice, uniq_psyche
D:9:      serial_shops, shop_fountains
D:11:     david_lair_generic, serial_co_window_serial, co_window_paths_a,
          co_window_corner_a, co_window_cross_1, co_window_corner_a,
          co_window_paths_b, co_window_cross_2, co_window_corner_b,
          co_window_broadway_a, glass_columns_a

Action                   |  1- 3 |  4- 6 |  7- 9 | 10-12 || total
-------------------------+-------+-------+-------+-------++-------
Melee: Short sword       |    24 |    85 |       |       ||   109
       Hand axe          |       |    37 |       |       ||    37
       War axe           |       |    49 |   212 |   284 ||   545
 Fire: Shortbow          |    79 |    28 |   116 |    53 ||   276
Invok: Berserk           |       |     3 |     7 |     9 ||    19
       Burn Spellbooks   |       |       |     2 |       ||     2
       Trog's Hand       |       |       |     1 |     1 ||     2
  Use: Scroll            |     2 |     3 |     8 |     5 ||    18
 Stab: Sleeping          |       |     1 |       |       ||     1
  Eat: Chunk             |     2 |     4 |     9 |    17 ||    32
       Bread ration      |       |     2 |     3 |     1 ||     6
